 Dungeon Crawl Stone Soup version 0.29.1-2-gbd0b4ee654 (webtiles) character file.

Game seed: 5112760950427242968

1047 firemarshallily the Covert (level 8, -4/73 HPs)
             Began as a Naga Brigand on Oct 28, 2022.
             Slain by Duvessa
             ... wielding a +0 short sword
              (7 damage)
             ... on level 5 of the Dungeon.
             The game lasted 00:12:21 (4659 turns).

firemarshallily the Covert (Naga Brigand)           Turns: 4659, Time: 00:12:22

Health: -4/73      AC:  8    Str: 14 (15) XL:     8   Next: 25%
Magic:  8/8        EV:  9    Int: 10 (11) God:
Gold:   262        SH:  0    Dex: 14 (16) Spells: 7/7 levels left

rFire   . . .      SeeInvis +   j - +3 dagger (venom)
rCold   . . .      Faith    .   (no shield)
rNeg    + + .      Spirit   .   w - +1 leather armour {rF+}
rPois   +          Reflect  .   m - +1 helmet of the Endless Expanse {rF- rN++ Regen+ Dex+2}
rElec   .          Harm     .   c - +0 cloak
rCorr   .          Rampage  .   (no gloves)
Will    +....                   (no barding)
Stlth   ++++......              (no amulet)
HPRegen 1.02/turn               (no ring)
MPRegen 0.11/turn               (no ring)

@: flying, very slow
A: AC +2, large, see invisible, deformed body, poison resistance, slowness 2,
spit poison 1, naga tail 1
a: Spit Poison


You were on level 5 of the Dungeon.
You visited 1 branch of the dungeon, and saw 5 of its levels.

You collected 262 gold pieces.

Inventory:

Hand Weapons
 j - a +3 dagger of venom (weapon)
 k - a +1 rapier of protection
Missiles
 d - 9 poisoned darts
 e - 3 curare-tipped darts
 s - 3 boomerangs of dispersal
Armour
 b - a +0 robe
 c - a +0 cloak (worn)
 g - a +0 buckler
 m - the +1 helmet of the Endless Expanse (worn) {rF- rN++ Regen+ Dex+2}
   (You took it off Robin on level 2 of the Dungeon)

   Dex:       It affects your dexterity (+2).
   rF:        It makes you vulnerable to fire.
   rN:        It greatly protects you from negative energy.
   Regen:     It increases your rate of health regeneration.
 w - a +1 leather armour of fire resistance (worn)
Wands
 p - a wand of roots (14)
 B - a wand of light (11)
Scrolls
 h - a scroll of torment
 n - a scroll of enchant armour {unknown}
 o - a scroll of immolation
 q - a scroll of amnesia {unknown}
 r - 2 scrolls of magic mapping
 u - 2 scrolls of teleportation {unknown}
 y - a scroll of vulnerability {unknown}
 C - a scroll of poison {unknown}
Potions
 f - a potion of resistance
 i - 4 potions of might
 t - a potion of lignification {unknown}
 x - a potion of berserk rage {unknown}
 z - a potion of mutation {unknown}
 A - 2 potions of attraction {unknown}
 D - a potion of curing {unknown}


   Skills:
 + Level 4.3 Fighting
 * Level 6.0 Short Blades
 - Level 1.7 Throwing
 - Level 2.0 Armour
 - Level 0.7 Dodging
 * Level 10.5 Stealth


You had 7 spell levels left.
You didn't know any spells.
Your spell library contained the following spells:

 Spells                   Type           Power      Damage    Failure   Level
 Slow                     Hex            0%         N/A       43%         1
 Confusing Touch          Hex            0%         N/A       80%         3
 Ignite Poison            Fire/Tmut/Pois 0%         N/A       80%         3
 Mephitic Cloud           Conj/Pois/Air  0%         N/A       80%         3
 Vampiric Draining        Necr           0%         2d6       80%         3
 Freezing Cloud           Conj/Ice/Air   0%         6-21      100%        5
 Summon Forest            Summ/Tloc      0%         N/A       100%        5
 Eringya's Noxious Bog    Tmut/Pois      0%         N/A       100%        6
 Summon Hydra             Summ           0%         N/A       100%        7


Dungeon Overview and Level Annotations

Branches:
Dungeon (5/15)
 Temple: D:4-7

Altars:
Makhleb

Annotations:
D:5 2 transporters, 0gre's ghost, novice GnIE; Duvessa


Innate Abilities, Weirdness & Mutations

Your serpentine skin is tough. (AC +2)
You have supernaturally acute eyesight. (SInv)
Armour fits poorly on your strangely shaped body.
Your system is resistant to poisons. (rPois)
You cover ground very slowly.
You can spit poison.
You have a snake-like lower body.


Message History

Okay, then.
Press: ? - help, v - describe, . - travel
Here: Duvessa, wielding a +0 short sword and wearing a +0 ring mail (heavily wounded, berserk, extremely poisoned)
The floor, spattered with blood.
Aiming: Spit Poison (1% risk of failure)
Press: ? - help, Q - select action, (/) - cycle Shift-Dir - straight line, f/p - Duvessa
Aim: Duvessa, wielding a +0 short sword and wearing a +0 ring mail (heavily wounded, berserk, extremely poisoned, 74% to hit)
Okay, then.
Okay, then.
Okay, then.
Unknown command.
You hit Duvessa.
Duvessa is heavily wounded.
Duvessa hits you with a +0 short sword!
* * * LOW HITPOINT WARNING * * *
Unknown command.
You hit Duvessa.
Duvessa looks as sick as possible!
You punch Duvessa, but do no damage.
Duvessa is heavily wounded.
Duvessa closely misses you.
You hit Duvessa but do no damage.
Duvessa looks as sick as possible!
Duvessa is severely wounded.
Duvessa barely misses you.
You hit Duvessa.
Duvessa looks as sick as possible!
Duvessa is severely wounded.
Duvessa hits you with a +0 short sword.
* * * LOW HITPOINT WARNING * * *
You hit Duvessa but do no damage.
Duvessa looks as sick as possible!
Duvessa is severely wounded.
Duvessa hits you with a +0 short sword!
* * * LOW HITPOINT WARNING * * *
Unknown command.
It was a potion of flight.
You feel very buoyant.
You fly up into the air.
Duvessa barely misses you. x2
It was a potion of degeneration.
There was something very wrong with that liquid.
You feel weakened.
You feel dopey.
You feel clumsy. Duvessa hits you with a +0 short sword!
You die...

#...## #.# #.# ##).#
#.# #.# #..# #.# #.#
#..# #.# ##.# #..#
#.# #..# #..#
#.####### #.## #..#
#.......# #.#
#..#########...###.#
#...@.####.......#.#
#.###e...........#.#
#.. ...............#
### ..####....#####
#..# #....# #..#
#.##.# #..####.##.#
####
#.......##.###...
##.##............


You could see Duvessa (berserk, extremely poisoned).

Vanquished Creatures
  Prince Ribbit (D:5)
  Eustachio (D:4)
  An ogre (D:5)
  An ice beast (D:4)
  2 phantoms (D:4)
  A scorpion (D:5)
  Dowan (D:5)
  Ijyb (D:5)
  An orc wizard (D:5)
  2 iguanas (D:5)
  Robin (D:2)
  2 adders
  2 worms
  A dart slug (D:1)
  12 orcs
  9 ball pythons
  5 bats
  7 endoplasms
  6 giant cockroaches
  15 goblins
  11 hobgoblins
  2 jackals (D:1)
  4 quokkas
  4 frilled lizards
  8 kobolds
  4 rats
105 creatures vanquished.

Notes
Turn   | Place    | Note
-------+----------+-------------------------------------------
     0 | D:1      | firemarshallily the Naga Brigand began the quest for the
                  | Orb.
     0 | D:1      | Reached XP level 1. HP: 19/19 MP: 1/1
   185 | D:1      | Reached skill level 6 in Stealth
   260 | D:1      | You fall into a shaft and drop 1 floor!
   279 | D:2      | Found a burning altar of Makhleb.
   287 | D:2      | Reached XP level 2. HP: 23/26 MP: 2/2
   400 | D:2      | Reached XP level 3. HP: 17/32 MP: 3/3
  1421 | D:1      | Reached XP level 4. HP: 40/40 MP: 4/4
  1552 | D:2      | Identified the +1 helmet of the Endless Expanse {rF- rN++
                  | Regen+ Dex+2}
  1552 | D:2      | Noticed Robin
  1568 | D:2      | Reached skill level 7 in Stealth
  1573 | D:2      | Killed Robin
  2754 | D:3      | Reached XP level 5. HP: 44/46 MP: 5/5
  2814 | D:3      | Found a faded altar of an unknown god.
  3182 | D:4      | Noticed a phantom
  3185 | D:4      | Noticed Eustachio
  3219 | D:4      | Killed a phantom
  3254 | D:4      | Killed Eustachio
  3255 | D:4      | Reached skill level 1 in Armour
  3255 | D:4      | Reached skill level 8 in Stealth
  3255 | D:4      | Reached XP level 6. HP: 56/56 MP: 6/6
  3521 | D:4      | Reached XP level 7. HP: 58/62 MP: 7/7
  3771 | D:5      | Entered Level 5 of the Dungeon
  3820 | D:5      | Noticed Prince Ribbit
  3865 | D:4      | Reached skill level 9 in Stealth
  3886 | D:5      | Killed Prince Ribbit
  3887 | D:5      | Reached skill level 5 in Short Blades
  3910 | D:5      | Noticed Dowan
  4021 | D:5      | Noticed Duvessa
  4080 | D:5      | Noticed Ijyb
  4086 | D:5      | Killed Ijyb
  4258 | D:5      | Reached skill level 10 in Stealth
  4258 | D:5      | Reached XP level 8. HP: 72/72 MP: 8/8
  4262 | D:5      | Found a transporter.
  4262 | D:5      | Noticed 0gre's ghost (novice GnIE)
  4284 | D:5      | Found a transporter.
  4637 | D:5      | Killed Dowan
  4657 | D:5      | HP: 1/73 [Duvessa/+0 short sword (11)]
  4659 | D:5      | Slain by Duvessa

Illustrated notes

Levels and vault maps discovered:
D:1:      eino_arrival_druids_welcome, layout_loops_ring
D:2:      layout_basic, basic_altar, eino_curves_03, uniq_robin
D:3:      layout_basic, chequers_ecumenical_altar_island
D:4:      layout_gridville, moated_statue, uniq_eustachio
D:5:      layout_loops_ring, gammafunk_ghost_arena, minmay_small_thing,
          uniq_ijyb, uniq_prince_ribbit1, uniq_duvessa

Skill      XL: |  1  2  3  4  5  6  7  8 |
---------------+-------------------------+-----
Stealth        | 6 7 8 10 | 10.5
Short Blades   | 3 4 5 6 |  6.0
Fighting       | 3 4 |  4.3
Armour         | 1 2 |  2.0
Throwing       | |  1.7
Dodging        | |  0.7

Action                   |  1- 3 |  4- 6 |  7- 9 || total
-------------------------+-------+-------+-------++-------
Melee: Dagger            |    83 |   158 |    65 ||   306
       Punch             |     1 |     2 |     2 ||     5
Throw: Dart              |       |     1 |     3 ||     4
 Abil: Spit Poison       |    11 |    18 |     6 ||    35
Evoke: Wand              |       |     1 |       ||     1
  Use: Scroll            |     1 |     9 |     1 ||    11
       Potion            |       |       |     3 ||     3
 Stab: Sleeping          |     7 |     9 |     7 ||    23
Armor: Robe              |    26 |    30 |       ||    56
       Leather armour    |       |    15 |    14 ||    29
Dodge: Dodged            |    50 |    46 |    19 ||   115
